 Dungeon Crawl Stone Soup version 0.18.1-48-g4cf74bf (webtiles) character file.

51 mindo the Magician (level 3, -1/19 HPs)
             Began as a Deep Elf Wizard on July 2, 2016.
             Slain by a giant gecko (5 damage)
             ... on level 1 of the Dungeon.
             The game lasted 00:09:33 (1281 turns).

mindo the Magician (Deep Elf Wizard)                Turns: 1281, Time: 00:09:34

Health: -1/19      AC:  2    Str:  4    XL:     3   Next: 57%
Magic:  2/11       EV: 12    Int: 23    God:
Gold:   79         SH:  0    Dex: 13    Spells: 5 memorised, 1 level left

rFire  . . .     SeeInvis .     k - +2 whip (venom)
rCold  . . .     Gourm    .     a - +0 robe
rNeg   . . .     Faith    +     (no shield)
rPois  .         Spirit   .     b - +0 hat
rElec  .         Dismiss  .     (no cloak)
rCorr  .         Reflect  .     (no gloves)
SustAt .         Harm     .     (no boots)
MR     .....                    e - amulet of faith
Stlth  ++........               (no ring)
                                (no ring)

@: not resistant to hostile enchantments, unstealthy
A: no striking features
a: no special abilities


You were on level 1 of the Dungeon.
You were not hungry.

You visited 1 branch of the dungeon, and saw 2 of its levels.

You collected 79 gold pieces.

Inventory:

Hand Weapons
 k - a +2 whip of venom (weapon)
Armour
 a - a +0 robe (worn)
 b - a +0 hat (worn)
 i - a +0 leather armour
Jewellery
 e - an amulet of faith (around neck)
 f - an uncursed ring of positive energy {unknown}
 j - an uncursed ring of protection from fire {unknown}
Scrolls
 l - 2 scrolls of identify {unknown}
 m - a scroll of teleportation {unknown}
 o - a scroll of remove curse {unknown}
Potions
 h - 2 potions of magic {unknown}
 n - a potion of cure mutation {unknown}
Books
 c - a book of Minor Magic

   Spells                             Type                      Level
   a - Magic Dart                     Conjuration                  1
   b - Blink                          Translocation                2
   c - Call Imp                       Summoning                    2
   d - Repel Missiles                 Charms/Air                   2
   e - Slow                           Hexes                        2
   f - Conjure Flame                  Conjuration/Fire             3
   g - Mephitic Cloud                 Conjuration/Poison/Air       3
Comestibles
 d - a bread ration
 g - 2 fruits


   Skills:
 - Level 2.5 Dodging
 + Level 3.7 Stealth
 + Level 5.1 Spellcasting
 + Level 2.1 Conjurations
 - Level 1.1 Summonings
 - Level 1.1 Translocations


You had one spell level left.
You knew the following spells:

 Your Spells              Type           Power        Failure   Level  Hunger
a - Magic Dart            Conj           ###.         4%          1    None
b - Blink                 Tloc           N/A          12%         2    None
c - Call Imp              Summ           ##......     12%         2    None
d - Conjure Flame         Conj/Fire      ##......     21%         3    ##.....
e - Mephitic Cloud        Conj/Pois/Air  #.......     24%         3    ##.....


Dungeon Overview and Level Annotations

Branches:
Dungeon (2/15)

Altars:


Message History

The giant gecko bites you but does no damage.
The giant gecko bites you. The giant gecko bites you.
There is a stone staircase leading up, spattered with blood here.
The giant gecko bites you.
You climb upwards.
There is a stone staircase leading down here.
Casting: Blink
Confirm with . or Enter, or press ? or * to list all spells.
Okay, then.
You closely miss the giant gecko.
The giant gecko bites you but does no damage.
You closely miss the giant gecko. The giant gecko closely misses you.
You hit the giant gecko but do no damage.
The giant gecko is poisoned.
The giant gecko bites you. x2
* * * LOW HITPOINT WARNING * * *
You miss the giant gecko.
The giant gecko is lightly wounded.
The giant gecko bites you.
You die...

#.....# #.###.# #.# #.# #.# #.#
#.# #.############## ##### #.#
#.#...#........# #...#####.#
#...#...######.### ###+#....##.#
#.####..######...##
....#....##.###.@................
###.#...........l###..########.##
# #.#....##.#.#..# #..# ###'##
###.#.......#.#..# #..######.....
....'...#†### #..# #..##...'.....
#####.......#.#..# #..##.###[....
# #.#.###.#.#.#..# # #.# #..... #
#.#.#...#.#.#..# #..##.###.....
#.#.##.##.#.#).# #.............


You could see a giant gecko.

Vanquished Creatures
  An adder (D:2)
  An ooze (D:1)
  2 dart slugs
  A giant gecko (D:1)
  5 bats
  4 giant cockroaches
  6 hobgoblins
  A quokka (D:2)
  A ball python (D:2)
  A giant newt (D:1)
  4 goblins
  2 kobolds (D:2)
  2 rats (D:2)
31 creatures vanquished.

Vanquished Creatures (collateral kills)
  A hobgoblin (D:2)
  A jackal (D:2)
2 creatures vanquished.

Grand Total: 33 creatures vanquished

Notes
Turn   | Place    | Note
--------------------------------------------------------------
     0 | D:1      | mindo the Deep Elf Wizard began the quest for the Orb.
     0 | D:1      | Reached XP level 1. HP: 10/10 MP: 7/7
   174 | D:1      | Reached XP level 2. HP: 15/15 MP: 5/9
   775 | D:1      | Reached skill level 5 in Spellcasting
   898 | D:2      | Reached XP level 3. HP: 17/19 MP: 6/11
   927 | D:2      | Learned a level 2 spell: Blink
   930 | D:2      | Learned a level 2 spell: Call Imp
   934 | D:2      | Learned a level 3 spell: Conjure Flame
   938 | D:2      | Learned a level 3 spell: Mephitic Cloud
  1281 | D:1      | Slain by a giant gecko

Skill      XL: |  1  2 |
---------------+-------+-----
Stealth        | 3 |  3.7
Spellcasting   | 5 |  5.1
Conjurations   | 2 |  2.1
Dodging        | |  2.5
Summonings     | |  1.1
Translocations | |  1.1

Action                   || total
-------------------------++-------
Melee: Whip              ||     7
       Unarmed           ||     1
 Cast: Magic Dart        ||    77
       Conjure Flame     ||     2
       Blink             ||     1
       Call Imp          ||     1
  Use: Potion            ||     1
 Stab: Distracted        ||     1
  Eat: Fruit             ||     1
Armor: Robe              ||     2
Dodge: Dodged            ||    13
